 Dungeon Crawl Stone Soup version 0.22.0-27-ga576289 (webtiles) character file.

17095 Monsterracer the Cleaver (level 12, -6/106 HPs)
             Began as a Grey Draconian Chaos Knight on Aug 23, 2018.
             Was a High Priest of Okawaru.
             Mangled by a death yak (16 damage)
             ... on level 3 of the Lair of Beasts.
             The game lasted 00:19:54 (17868 turns).

Monsterracer the Cleaver (DrCK)                    Turns: 17868, Time: 00:19:56

Health: -6/106     AC: 18    Str: 19    XL:     12   Next: 15%
Magic:  18/18      EV: 18    Int: 13    God:    Okawaru [*****.]
Gold:   962        SH: 11    Dex: 14    Spells: 2/11 levels left

rFire    + . .     SeeInvis +   a - +0 war axe
rCold    . . .     Gourm    .   l - +0 shield
rNeg     + . .     Faith    .   (armour unavailable)
rPois    .         Spirit   .   j - +2 hat {SInv}
rElec    .         Reflect  .   z - +2 cloak
rCorr    .         Harm     .   (no gloves)
MR       +....                  (no boots)
Stlth    +.........             A - amulet of Moderation {RegenMP +Inv MR+ Str+3}
HPRegen  0.27/turn              E - ring "Kit Pex" {rF+ rN+}
MPRegen  0.41/turn              o - +3 ring of evasion

@: slightly contaminated, invisible
A: walk through water, unfitting armour, unbreathing, cold-blooded, AC +13
a: Heroism, Finesse, Renounce Religion


You were on level 3 of the Lair of Beasts.
You worshipped Okawaru.
Okawaru was extremely pleased with you.
You were hungry.

You visited 2 branches of the dungeon, and saw 13 of its levels.
You also visited: Sewer.

You collected 962 gold pieces.

Inventory:

Hand Weapons
 a - a +0 war axe (weapon)
 b - a +0 mace of protection
Armour
 j - a +2 hat of see invisible (worn)
 l - a +0 shield (worn)
 z - a +2 cloak (worn)
Jewellery
 o - a +3 ring of evasion (right hand)
 u - an uncursed ring of flight
 A - the amulet of Moderation (around neck) {RegenMP +Inv MR+ Str+3}
   (You found it on level 8 of the Dungeon)

   [amulet of magic regeneration]

   It increases your magic regeneration.
   It affects your strength (+3).
   It affects your resistance to hostile enchantments.
   It lets you turn invisible.
 E - the ring "Kit Pex" (left hand) {rF+ rN+}
   (You took it off a wight on level 9 of the Dungeon)

   [ring of protection from fire]

   It protects you from fire.
   It protects you from negative energy.
 F - a +5 ring of dexterity
Wands
 n - a wand of polymorph (10)
 x - a wand of scattershot (4)
 B - a wand of enslavement (15)
Scrolls
 d - 3 scrolls of identify
 f - 6 scrolls of enchant weapon
 p - 2 scrolls of magic mapping {!r}
 r - 4 scrolls of teleportation {!r}
 v - 2 scrolls of fog
 w - 2 scrolls of enchant armour
 y - a scroll of fear {!r}
 D - 2 scrolls of remove curse
Potions
 e - 11 potions of curing
 g - 7 potions of brilliance
 i - a potion of ambrosia {!q}
 m - 3 potions of flight
 q - 3 potions of agility
 s - 2 potions of heal wounds
 t - 2 potions of might
 C - 2 potions of magic
 G - a potion of mutation {!q}
Comestibles
 c - 16 rations


   Skills:
 + Level 10.0 Fighting
 * Level 12.2 Axes
 + Level 7.6 Dodging
 + Level 7.8 Shields
 + Level 8.5 Invocations


You had 2 spell levels left.
You knew the following spells:

 Your Spells              Type           Power        Failure   Level  Hunger
a - Song of Slaying       Chrm           #.......     75%         2    ###....
d - Spectral Weapon       Hex/Chrm       #.......     93%         3    ####...
j - Regeneration          Chrm/Necr      #.........   93%         3    ####...
z - Apportation           Tloc           #.....       61%         1    ##.....

Your spell library contained the following spells:

 Spells                   Type           Power        Failure   Level  Hunger
 Animate Skeleton         Necr           N/A          61%         1    ##.....
 Confusing Touch          Hex            #.....       61%         1    ##.....
 Infusion                 Chrm           #...         61%         1    ##.....
 Magic Dart               Conj           #...         61%         1    ##.....
 Pain                     Necr           #...         61%         1    ##.....
 Sting                    Conj/Pois      #...         61%         1    ##.....
 Summon Small Mammal      Summ           #...         61%         1    ##.....
 Poisonous Vapours        Pois/Air       #.....       75%         2    ###....
 Searing Ray              Conj           #.....       75%         2    ###....
 Shroud of Golubria       Chrm/Tloc      #.........   75%         2    ###....
 Dazzling Spray           Conj/Hex       #.....       93%         3    ####...
 Mephitic Cloud           Conj/Pois/Air  #.......     93%         3    ####...
 Vampiric Draining        Necr           #.........   93%         3    ####...
 Animate Dead             Necr           N/A          100%        4    #####..
 Force Lance              Conj/Tloc      #.......     100%        4    #####..
 Fulminant Prism          Conj/Hex       #.........   100%        4    #####..
 Iskenderun's Mystic Bla  Conj           #.......     100%        4    #####..
 Olgreb's Toxic Radiance  Pois           #.......     100%        4    #####..
 Venom Bolt               Conj/Pois      #.........   100%        5    ######.


Dungeon Overview and Level Annotations

Branches:
Dungeon (9/15)             Temple (0/1) D:5            Lair (4/6) D:8
 Shoals (0/4) Lair:2       Spider (0/4) Lair:3
    Orc: D:9-12

Altars:
Makhleb
Okawaru
Xom


Innate Abilities, Weirdness & Mutations

You can walk through water.
Your dull iron-grey scales are very hard. (AC +13)
You cannot fit into any form of body armour.
You can survive without breathing.
You are cold-blooded and may be slowed by cold attacks.


Message History

You see here a bullfrog corpse.
You catch the helpless death yak completely off-guard!
You hit the death yak but do no damage.
The death yak is heavily wounded.
You are struck by the porcupine's spines.
* * * LOW HITPOINT WARNING * * *
You hit the porcupine.
You flicker for a moment.
The porcupine closely misses you.
The death yak snorts and paws the ground.
You block the death yak's attack. You block the porcupine's attack.
You take 17 damage, and have 47/106 hp.
You hit the death yak.
The death yak is heavily wounded.
You are struck by the porcupine's spines.
* * * LOW HITPOINT WARNING * * *
You slash the porcupine! The death yak completely misses you.
The porcupine closely misses you.
You take 4 damage, and have 43/106 hp.
You slash the death yak!
The death yak is severely wounded.
You hit the porcupine but do no damage. You block the death yak's attack.
The porcupine misses you.
You slash the death yak!
The death yak is severely wounded.
You closely miss the porcupine. You block the porcupine's attack.
The death yak gores you!
* * * LOW HITPOINT WARNING * * *
You take 12 damage, and have 31/106 hp.
You hit the death yak but do no damage.
You tail-slap the death yak, but do no damage.
The death yak is severely wounded.
You are struck by the porcupine's spines.
* * * LOW HITPOINT WARNING * * *
You closely miss the porcupine. You block the porcupine's attack.
The death yak gores you but does no damage.
You take 2 damage, and have 29/106 hp.
You strike the helpless death yak from behind!
You hit the death yak but do no damage.
The death yak is severely wounded.
You are struck by the porcupine's spines.
* * * LOW HITPOINT WARNING * * *
You barely miss the porcupine. The porcupine barely misses you.
You block the death yak's attack.
You take 2 damage, and have 27/106 hp.
You slash the death yak!
The death yak is almost dead.
You are struck by the porcupine's spines.
* * * LOW HITPOINT WARNING * * *
You hit the porcupine but do no damage.
You flicker back into view.
The porcupine twitches its whiskers.
The porcupine barely misses you. The porcupine bites you!
* * * LOW HITPOINT WARNING * * *
You take 15 damage, and have 12/106 hp.
The porcupine misses you.
The porcupine bites you but does no damage.
The porcupine bites the fungus.
Evoke which item? (* to show all) (? for menu, Esc to quit)
Okay, then.
The porcupine twitches its whiskers.
You see here 7 sling bullets.
The porcupine completely misses you.
You are struck by the porcupine's spines.
* * * LOW HITPOINT WARNING * * *
You slash the porcupine!
You kill the porcupine!
Okawaru accepts your kill.
You slash the fungus! You hit the plant but do no damage.
You take 1 damage, and have 25/106 hp.
Unknown command.
You fade into invisibility!
You are lightly contaminated with residual magic.
You are feeling hungry.
You now have 16/18 mp.
You slash the death yak!
You tail-slap the death yak, but do no damage.
The death yak is severely wounded.
The death yak gores you.
* * * LOW HITPOINT WARNING * * *
You take 5 damage, and have 22/106 hp.
You strike the helpless death yak from behind!
You hit the death yak but do no damage.
The death yak is severely wounded.
MP restored: 18 The death yak gores you!
* * * LOW HITPOINT WARNING * * *
You take 14 damage, and have 9/106 hp.
You barely miss the death yak.
The death yak is severely wounded.
You block the death yak's attack.
You hit the death yak.
The death yak is severely wounded.
The death yak completely misses you.
You catch the helpless death yak completely off-guard!
You hit the death yak.
You tail-slap the death yak, but do no damage.
The death yak is severely wounded.
The death yak gores you!
You die...

.#[...#.## #..###P.##P....# #..#
.##..#...# #...##P.##P...####.##
.#...##.## #..####†###...# #..#
###..##..# #..##...P#....###..#
###.....## #..###PY###..>.##..#
##...#..# #..####.###........#
#.#..#P.####.....#..#.........#
.#...#.......<>.....##.(###...##
.#P...#....##...@...##..##.....#
##...##..####....Y..#....##...##
###.......###..##...#...###...#
###......P##...P##.#....# #...#
.#...P.....#............# ##..#
........................####..#
.#...#....#..######......##...#
<.#..#...####.######..#.###...##
.##..P...###.....####.#..##....#


You could see a death yak.

Vanquished Creatures
  A hydra (Lair:1)
  A two-headed ogre (D:9)
  2 death yaks
  An orb spider (Lair:3)
  A manticore (Lair:2)
  5 black mambas
  Joseph (D:7)
  4 spiny frogs
  A rime drake (Lair:2)
  6 komodo dragons
  Prince Ribbit (D:7)
  A hippogriff (Lair:2)
  A basilisk (Lair:1)
  A wyvern (Lair:2)
  15 yaks
  2 water moccasins (Lair:1)
  A black bear (D:9)
  8 porcupines
  3 orc warriors
  3 ice beasts
  A sky beast (D:6)
  An ogre (D:6)
  2 phantoms
  6 centaurs
  5 crocodiles
  2 big kobolds
  5 bullfrogs
  A wyvern zombie (D:8)
  2 scorpions
  3 wights (D:9)
  9 killer bees
  5 howler monkeys
  7 crimson imps
  A bullfrog zombie (D:5)
  A jelly (D:9)
  6 orc priests
  12 orc wizards
  3 bullfrog skeletons
  A centaur skeleton (D:6)
  6 hounds
  Jessica (D:2)
  4 iguanas
  10 worker ants
  A hound zombie (D:5)
  2 hound skeletons
  8 gnolls
  12 adders
  3 river rats
  A shadow imp (D:9)
  3 oozes
  An adder skeleton (D:9)
  5 worms
  A dart slug (D:1)
  5 leopard geckos
  47 orcs
  7 ball pythons
  8 giant cockroaches
  4 hobgoblins
  4 quokkas
  10 bats
  10 frilled lizards
  9 goblins
  27 kobolds
  2 leopard gecko zombies (D:5)
  A quokka zombie (D:8)
  30 rats
  4 fungi
358 creatures vanquished.

Vanquished Creatures (others)
  A plant (Lair:4)
1 creature vanquished.

Grand Total: 359 creatures vanquished

Notes
Turn   | Place    | Note
-------+----------+-------------------------------------------
     0 | D:1      | Monsterracer the Draconian Chaos Knight began the quest for the Orb.
     0 | D:1      | Reached XP level 1. HP: 19/19 MP: 1/1
    38 | D:1      | HP: 8/19 [leopard gecko (3)]
   273 | D:1      | You fall through a shaft!
   309 | D:2      | Reached XP level 2. HP: 18/26 MP: 2/2
   443 | D:2      | XOM: divination: detect items
   668 | D:2      | XOM: noise
   671 | D:1      | XOM: divination: detect creatures
   820 | D:1      | XOM: mild Tmut miscast
  1029 | D:1      | Reached XP level 3. HP: 33/33 MP: 3/3
  1380 | D:1      | Reached skill level 4 in Axes
  1598 | D:2      | Noticed Jessica
  1612 | D:2      | Killed Jessica
  1612 | D:2      | Reached XP level 4. HP: 29/40 MP: 4/4
  1695 | D:2      | XOM: summons 2 hostile demons
  1700 | D:2      | HP: 20/40 [quasit[Xom] (1)]
  1869 | D:2      | XOM: mild Chrm miscast
  2005 | D:2      | XOM: harmless Tloc miscast
  2098 | D:2      | XOM: noise
  2453 | D:3      | Found an iron altar of Okawaru.
  2476 | D:3      | Fell from the grace of Xom
  2476 | D:3      | Became a worshipper of Warmaster Okawaru
  2550 | D:3      | HP: 20/41 [poisoned by an adder]
  2558 | D:3      | HP: 19/41 [poisoned by an adder]
  2875 | D:3      | Reached skill level 5 in Axes
  2885 | D:3      | Reached XP level 5. HP: 36/47 MP: 5/5
  2902 | D:3      | XOM: scenery: create altars
  3074 | D:3      | XOM: mild Tmut miscast
  3248 | D:3      | XOM: noise
  3474 | D:4      | HP: 19/47 [orc/hand axe (6)]
  3479 | D:4      | HP: 15/47 [poisoned by an orc]
  3485 | D:4      | HP: 12/47 [poisoned by an orc]
  3490 | D:4      | HP: 10/47 [poisoned by an orc]
  3497 | D:4      | HP: 10/47 [poisoned by an orc]
  3505 | D:4      | HP: 9/47 [poisoned by an orc]
  3596 | D:4      | HP: 18/47 [orc/mace of protection (4)]
  3874 | D:4      | HP: 22/47 [worm (6)]
  3879 | D:4      | HP: 20/47 [worm (3)]
  3912 | D:4      | Found a glowing drain.
  3913 | D:4      | HP: 23/47 [ball python (1)]
  4044 | Sewer    | Entered a sewer
  4221 | Sewer    | Reached * piety under Okawaru
  4221 | Sewer    | Reached skill level 1 in Invocations
  4221 | Sewer    | Reached XP level 6. HP: 46/55 MP: 6/6
  4364 | Sewer    | Reached skill level 1 in Shields
  4434 | Sewer    | Reached skill level 5 in Fighting
  5000 | D:4      | XOM: noise
  5133 | D:4      | HP: 27/56 [gnoll/halberd (13)]
  5138 | D:3      | HP: 25/56 [orc/dagger (1)]
  5145 | D:3      | Reached skill level 6 in Axes
  5456 | D:4      | Your scales start taking on a dull iron-grey colour.
  5456 | D:4      | Reached XP level 7. HP: 56/61 MP: 8/8
  5456 | D:4      | Gained mutation: You can survive without breathing. [Grey Draconian growth]
  5922 | D:5      | Entered Level 5 of the Dungeon
  5970 | D:5      | Reached ** piety under Okawaru
  6028 | D:5      | XOM: noise
  6034 | D:5      | Found a faded altar of an unknown god.
  6067 | D:5      | Found a staircase to the Ecumenical Temple.
  6487 | D:5      | XOM: confusion (+ monsters)
  6977 | D:6      | Reached XP level 8. HP: 70/70 MP: 10/10
  6987 | D:6      | XOM: noise
  7013 | D:6      | Reached skill level 7 in Axes
  7026 | D:6      | XOM: mild Air miscast
  7274 | D:6      | Reached *** piety under Okawaru
  7364 | D:6      | XOM: medium Summ miscast
  7368 | D:6      | HP: 33/70 [small abomination[the capriciousness of Xom] (8)]
  7369 | D:6      | HP: 12/70 [small abomination[the capriciousness of Xom] (8)]
  7416 | D:6      | XOM: medium Conj miscast
  7416 | D:6      | HP: 5/70 [something (17)]
  7650 | D:6      | XOM: medium Air miscast
  7653 | D:6      | HP: 35/70 [something (7)]
  8214 | D:7      | XOM: enchant monster (bad)
  8215 | D:7      | HP: 23/70 [ogre/giant club (31)]
  8223 | D:7      | HP: 15/70 [ogre/giant club (11)]
  8255 | D:6      | HP: 31/70 [scorpion (6)]
  8260 | D:6      | HP: 24/70 [poisoned by a scorpion]
  8265 | D:6      | HP: 20/70 [poisoned by a scorpion]
  8270 | D:6      | HP: 19/70 [poisoned by a scorpion]
  8277 | D:6      | HP: 17/70 [poisoned by a scorpion]
  8284 | D:6      | HP: 16/70 [poisoned by a scorpion]
  8292 | D:6      | HP: 16/70 [poisoned by a scorpion]
  8703 | D:7      | Noticed Prince Ribbit
  8792 | D:7      | Killed Prince Ribbit
  8792 | D:7      | Reached skill level 8 in Axes
  8876 | D:7      | XOM: harmless Erth miscast
  8996 | D:7      | Reached XP level 9. HP: 61/78 MP: 9/12
  9017 | D:7      | XOM: silly message
  9220 | D:7      | XOM: harmless Summ miscast
  9258 | D:7      | Reached **** piety under Okawaru
  9656 | D:7      | XOM: harmless Tmut miscast
  9787 | D:7      | Noticed Joseph
  9808 | D:7      | Killed Joseph
 10113 | D:8      | Reached skill level 5 in Invocations
 10146 | D:8      | XOM: noise
 10175 | D:8      | Received a gift from Okawaru
 10183 | D:8      | Reached skill level 9 in Axes
 10198 | D:8      | Found a staircase to the Lair.
 10207 | D:8      | Reached skill level 5 in Dodging
 10305 | D:8      | Got a crude platinum amulet
 10306 | D:8      | Identified the amulet of Moderation {RegenMP +Inv MR+ Str+3} (You found it on level 8 of the Dungeon)
 10592 | D:8      | Reached skill level 5 in Shields
 11017 | D:9      | HP: 37/80 [orc priest/divine providence (13)]
 11152 | D:8      | XOM: medium Ice miscast
 11269 | D:9      | Reached XP level 10. HP: 85/88 MP: 14/14
 11348 | D:9      | XOM: enchant monster (bad)
 11491 | D:9      | Noticed a two-headed ogre
 11509 | D:9      | Killed a two-headed ogre
 11509 | D:9      | Reached skill level 10 in Axes
 11781 | D:9      | XOM: confusion (+ monsters)
 11796 | D:9      | Reached ***** piety under Okawaru
 11804 | D:9      | Got a wavering lead ring
 11842 | D:9      | XOM: noise
 11844 | D:9      | Identified the ring "Kit Pex" {rF+ rN+} (You took it off a wight on level 9 of the Dungeon)
 11918 | D:9      | XOM: summons 3 hostile demons
 11918 | D:9      | Was forgiven by Xom
 12094 | Lair:1   | Entered Level 1 of the Lair of Beasts
 12124 | Lair:1   | Noticed a seven-headed hydra
 12136 | Lair:1   | HP: 41/89 [seven-headed hydra (10)]
 12137 | Lair:1   | HP: 18/89 [seven-headed hydra (6)]
 12141 | Lair:1   | Killed a seven-headed hydra
 12520 | Lair:1   | Found a burning altar of Makhleb.
 12780 | Lair:1   | Reached XP level 11. HP: 60/95 MP: 16/16
 12944 | Lair:1   | Received a gift from Okawaru
 13544 | Lair:1   | Reached skill level 11 in Axes
 14098 | Lair:2   | Received a gift from Okawaru
 14286 | Lair:2   | HP: 41/97 [komodo dragon (17)]
 15020 | Lair:2   | Found a staircase to the Shoals.
 15049 | Lair:2   | Learned a level 1 spell: Apportation
 15052 | Lair:2   | Learned a level 2 spell: Song of Slaying
 15056 | Lair:2   | Learned a level 3 spell: Regeneration
 15060 | Lair:2   | Learned a level 3 spell: Spectral Weapon
 15649 | Lair:3   | HP: 48/97 [poisoned by a black mamba]
 15654 | Lair:3   | HP: 36/97 [poisoned by a black mamba]
 15659 | Lair:3   | HP: 27/99 [poisoned by a black mamba]
 15664 | Lair:3   | HP: 21/99 [poisoned by a black mamba]
 15669 | Lair:3   | HP: 18/99 [poisoned by a black mamba]
 15675 | Lair:3   | HP: 16/99 [poisoned by a black mamba]
 15680 | Lair:3   | HP: 15/99 [poisoned by a black mamba]
 15687 | Lair:3   | HP: 15/99 [poisoned by a black mamba]
 15695 | Lair:3   | HP: 15/99 [poisoned by a black mamba]
 16339 | Lair:3   | HP: 49/99 [poisoned by a spiny frog]
 16344 | Lair:3   | HP: 38/99 [poisoned by a spiny frog]
 16348 | Lair:3   | Reached skill level 12 in Axes
 16349 | Lair:3   | HP: 30/99 [poisoned by a spiny frog]
 16354 | Lair:3   | HP: 24/99 [poisoned by a spiny frog]
 16359 | Lair:3   | HP: 19/99 [poisoned by a spiny frog]
 16364 | Lair:3   | HP: 16/99 [poisoned by a spiny frog]
 16370 | Lair:3   | HP: 14/99 [poisoned by a spiny frog]
 16375 | Lair:3   | HP: 13/99 [poisoned by a spiny frog]
 16382 | Lair:3   | HP: 13/99 [poisoned by a spiny frog]
 16390 | Lair:3   | HP: 13/99 [poisoned by a spiny frog]
 16941 | Lair:3   | Found a hole to the Spider Nest.
 16941 | Lair:3   | Noticed an orb spider
 17012 | Lair:3   | Killed an orb spider
 17338 | Lair:4   | Noticed a death yak
 17339 | Lair:4   | Noticed a death yak
 17339 | Lair:4   | Noticed a death yak
 17340 | Lair:4   | Noticed a death yak
 17349 | Lair:4   | Reached XP level 12. HP: 106/106 MP: 15/18
 17375 | Lair:4   | Killed a death yak
 17378 | Lair:4   | HP: 50/106 [death yak (23)]
 17387 | Lair:3   | HP: 41/106 [death yak (11)]
 17389 | Lair:3   | HP: 12/106 [death yak (26)]
 17476 | Lair:3   | Killed a death yak
 17476 | Lair:3   | Reached skill level 10 in Fighting
 17793 | Lair:3   | HP: 46/106 [porcupine's spines (18)]
 17798 | Lair:3   | HP: 27/106 [porcupine's spines (2)]
 17799 | Lair:3   | HP: 12/106 [porcupine (14)]
 17853 | Lair:3   | HP: 24/106 [porcupine's spines (2)]
 17862 | Lair:3   | HP: 22/106 [death yak (5)]
 17865 | Lair:3   | HP: 9/106 [death yak (14)]
 17868 | Lair:3   | Mangled by a death yak

Skill      XL: |  1  2  3  4  5  6  7  8  9 10 11 12 |
---------------+-------------------------------------+-----
Axes           | 4 5 6 8 9 10 12 | 12.2
Fighting       | 4 5 6 7 8 9 10 | 10.0
Invocations    | 1 3 4 5 7 8 |  8.5
Shields        | 1 2 3 5 6 7 |  7.8
Dodging        | 3 4 5 6 7 |  7.6

Action                   |  1- 3 |  4- 6 |  7- 9 | 10-12 || total
-------------------------+-------+-------+-------+-------++-------
Melee: Hand axe          |    81 |   344 |   376 |   155 ||   956
       Tailslap          |     2 |    38 |    81 |   106 ||   227
       War axe           |       |       |   254 |   454 ||   708
       Mace              |       |       |       |    12 ||    12
Throw: Throwing net      |       |       |       |     2 ||     2
Invok: Heroism           |       |     1 |     8 |    14 ||    23
 Abil: Evoke Flight      |       |       |     1 |       ||     1
       Evoke Invisibilit |       |       |       |     4 ||     4
  Use: Scroll            |       |    12 |    11 |     3 ||    26
       Potion            |       |       |     2 |       ||     2
 Stab: Sleeping          |     3 |     1 |     1 |       ||     5
       Distracted        |       |       |     1 |     1 ||     2
       Invisible         |       |       |       |    26 ||    26
  Eat: Chunk             |     2 |    13 |    16 |    12 ||    43
       Ration            |       |       |     1 |     3 ||     4
Armor: Skin              |    29 |   106 |   161 |   105 ||   401
Dodge: Dodged            |    52 |   213 |   385 |   337 ||   987
Block: Large shield      |       |    70 |    27 |       ||    97
       Shield            |       |       |   274 |   268 ||   542

Vault maps used:
D:1:      nzn_arrival_settlement
D:2:      first_ration, uniq_jessica
D:3:      okawaru_metal_pillars_1_2, uniq_crazy_yiuf_cottage
D:4:      portal_sewer_entry_e, st_stairs_6
D:5:      nicolae_temple_entry_ecumenical
D:6:      kennysheep_dice
D:7:      uniq_prince_ribbit1, uniq_joseph
D:8:      lair_entry_dummy
Lair:1:   basic_altar, infiniplex_staircase_pool_2, grunt_megastairs_1
Lair:2:   minmay_shoals_entry_beasts
Lair:3:   nicolae_spider_entry_orb_guardian, cheibrodos_lair_reptile_den
Sewer:    sewer_minmay_treatment
